 Dungeon Crawl Stone Soup version 0.27-a0-1256-gced786f65e (webtiles) character file.

Game seed: 9160614628206043465

604 freelancePsychic the Chiller (level 7, -1/40 HPs)
             Began as a Vampire Ice Elementalist on June 10, 2021.
             Was an Initiate of Vehumet.
             Slain by an ogre
             ... wielding a +0 giant spiked club
              (25 damage)
             ... on level 5 of the Dungeon.
             The game lasted 00:13:07 (5260 turns).

freelancePsychic the Chiller (VpIE)                 Turns: 5260, Time: 00:13:08

Health: -1/40      AC: 10    Str:  7    XL:     7   Next: 18%
Magic:  13/19      EV: 12    Int: 19    God:    Vehumet [......]
Gold:   187        SH:  0    Dex: 15    Spells: 3/10 levels left

rFire    . . .     SeeInvis +   b - +1 dagger (drain)
rCold    + + .     Faith    .   (no shield)
rNeg     + + +     Spirit   .   h - +0 robe
rPois    ∞         Reflect  .   d - +0 hat
rElec    .         Harm     .   p - +0 cloak
rCorr    .         Rampage  .   (no gloves)
Will     +....                  (no boots)
Stlth    +++++.....             w - amulet of the acrobat
HPRegen  0.00/turn              f - ring of magical power
MPRegen  0.16/turn              y - ring of willpower

@: ice-armoured, freezing walls, bloodless
A: bloodless, fangs 3, see invisible, vampiric 2
a: Bat Form, Revivify, Renounce Religion


You were on level 5 of the Dungeon.
You worshipped Vehumet.
Vehumet was noncommittal.
You visited 1 branch of the dungeon, and saw 5 of its levels.

You collected 187 gold pieces.

Inventory:

Hand Weapons
 a - a +2 short sword of freezing
 b - a +1 dagger of draining (weapon)
 e - a +0 dagger
Armour
 d - a +0 hat (worn)
 h - a +0 robe (worn)
 p - a +0 cloak (worn)
Jewellery
 c - an amulet of reflection
 f - a ring of magical power (left hand)
 i - a ring of flight
 w - an amulet of the acrobat (around neck)
 y - a ring of willpower (right hand)
Wands
 j - a wand of polymorph (10)
 v - a wand of acid (6)
Scrolls
 g - 2 scrolls of amnesia
 q - a scroll of teleportation {unknown}
 r - a scroll of acquirement {unknown}
 s - a scroll of enchant armour {unknown}
 u - a scroll of identify {@r1}
 x - a scroll of holy word {unknown}
Potions
 k - 2 potions of brilliance
 l - 2 potions of lignification {unknown}
 m - 3 potions of might
 n - a potion of flight {unknown}
 o - a potion of heal wounds {unknown}
 t - a potion of attraction {unknown}


   Skills:
 - Level 2.8 Fighting
 + Level 1.5 Short Blades
 - Level 2.1 Dodging
 + Level 6.7 Stealth
 - Level 2.0 Spellcasting
 + Level 0.4 Hexes
 - Level 6.7 Ice Magic


You had 3 spell levels left.
You knew the following spells:

 Your Spells              Type           Power      Damage    Failure   Level
a - Freeze                Ice            100%       1d11      1%          1
b - Frozen Ramparts       Ice            54%        1d7       3%          3
c - Ozocubu's Armour      Ice            27%        N/A       3%          3

Your spell library contained the following spells:

 Spells                   Type           Power      Damage    Failure   Level
 Hailstorm                Conj/Ice       14%        3d5       38%         4
 Metabolic Englaciation   Hex/Ice        7%         N/A       71%         5


Dungeon Overview and Level Annotations

Branches:
Dungeon (5/15)
 Temple: D:4-7

Altars:
Trog
Vehumet

Annotations:
D:4 3 runed translucent doors, Shayle's ghost, amateur OgWr
D:5 exclusion: zombie


Innate Abilities, Weirdness & Mutations

You do not regenerate when monsters are visible.
You are frail without blood (-20% HP).
You can heal yourself when you bite living creatures.
You are immune to poison.
You have razor-sharp teeth.
You have supernaturally acute eyesight. (SInv)
You are afflicted with vampirism and can become a bat while bloodless.


Message History

Okay, then.
Okay, then.
Found a stone staircase leading up.
Found 17 arrows.
There is a stone staircase leading up here.
Found a stone staircase leading down.
There is a stone staircase leading down here.
There is a stone staircase leading down here.
There is a stone staircase leading down here.
Found 20 sling bullets.
No target in view!
An adder comes into view.
Found 11 gold pieces.
You see here 20 sling bullets.
The helpless adder fails to defend itself.
You bite the adder, and draw its blood! You impale the adder!!
You kill the adder!
Vehumet accepts your kill.
You now have 187 gold pieces (gained 11).
Found 21 arrows.
An adder comes into view.
An ogre comes into view. It is wielding a +0 giant spiked club.
Found a runed cameo amulet.
The helpless adder fails to defend itself.
You bite the adder, and draw its blood! You impale the adder!!
You kill the adder!
Vehumet accepts your kill.
The ogre hits you with a +0 giant spiked club!
Casting: Ozocubu's Armour (dangerous; 3% risk of failure)
Confirm with . or Enter, or press ? or * to list all spells.
A film of ice covers your body! The ogre barely misses you.
Casting: Ozocubu's Armour (dangerous; 3% risk of failure)
Confirm with . or Enter, or press ? or * to list all spells.
Casting: Frozen Ramparts (dangerous; 3% risk of failure)
Press: ? - help, Dir - look around, f - activate The walls around you are covered in ice.
The wall freezes the ogre.
The ogre hits you with a +0 giant spiked club!!
Ouch! That really hurt!
You die...

#.# #.# #. ... #)####.## #.
... #........ ##.##..
#...(.... ##.....###.#
#........ #######........#.#
#.####.## ...............#.#
# ####.# ...............#.#
#....## ...........@# #.#
#+###.. ..........O## #.#
#........ ...........# #.#
##....#..
...........#####.####....#..
............................
......†..............#.##...
.......(.............#.##...
............................
................†......###..


You could see an ogre.

Vanquished Creatures
  An ice beast (D:3)
  An ogre (D:5)
  A centaur (D:5)
  A hound (D:3)
  An orc priest (D:5)
  Crazy Yiuf (D:3)
  2 iguanas
  A killer bee zombie (D:4)
  7 adders
  A white imp (D:5)
  2 ufetubi
  2 worms
  13 orcs
  4 bats
  9 endoplasms
  4 giant cockroaches
  7 goblins
  8 hobgoblins
  9 jackals
  2 quokkas
  4 ball pythons
  A frilled lizard (D:1)
  4 kobolds
  9 rats
95 creatures vanquished.

Vanquished Creatures (others)
  3 orcs (D:3)
3 creatures vanquished.

Grand Total: 98 creatures vanquished

Notes
Turn   | Place    | Note
-------+----------+-------------------------------------------
     0 | D:1      | freelancePsychic the Vampire Ice Elementalist began the
                  | quest for the Orb.
     0 | D:1      | Reached XP level 1. HP: 13/13 MP: 3/3
   350 | D:1      | Reached XP level 2. HP: 15/20 MP: 1/5
   755 | D:1      | Found a faded altar of an unknown god.
  1189 | D:2      | Reached skill level 1 in Fighting
  1190 | D:2      | Gained mutation: You are afflicted with vampirism and can
                  | become a bat while bloodless. [Vampire growth]
  1190 | D:2      | Reached XP level 3. HP: 25/26 MP: 1/6
  1317 | D:2      | Learned a level 3 spell: Frozen Ramparts
  1993 | D:2      | Reached XP level 4. HP: 22/32 MP: 3/7
  2159 | D:3      | Found a bloodstained altar of Trog.
  2229 | D:3      | Reached skill level 5 in Ice Magic
  2561 | D:3      | Found a runed translucent door.
  2562 | D:3      | Noticed Crazy Yiuf
  2872 | D:3      | Found a radiant altar of Vehumet.
  2881 | D:3      | Became a worshipper of Vehumet
  3214 | D:3      | Killed Crazy Yiuf
  3215 | D:3      | Reached skill level 5 in Stealth
  3215 | D:3      | Reached XP level 5. HP: 19/30 MP: 1/8
  3343 | D:4      | Noticed an ice beast
  3370 | D:3      | Killed an ice beast
  3607 | D:4      | Reached XP level 6. HP: 31/36 MP: 9/9
  3687 | D:4      | Found a runed translucent gate.
  3687 | D:4      | Found a runed translucent gate.
  3687 | D:4      | Found a runed translucent gate.
  3687 | D:4      | Noticed Shayle's ghost (amateur OgWr)
  3742 | D:4      | Learned a level 3 spell: Ozocubu's Armour
  4159 | D:4      | You fall into a shaft and drop 1 floor!
  4159 | D:5      | Entered Level 5 of the Dungeon
  4638 | D:5      | Reached skill level 1 in Short Blades
  4638 | D:5      | Reached XP level 7. HP: 30/40 MP: 3/10
  5260 | D:5      | Slain by an ogre

Illustrated notes

Levels and vault maps discovered:
D:1:      psy_arrival_fountain, layout_basic,
          shapermc_ecumenical_altar_flowoftime, kennysheep_pointless_box,
          grunt_decor_junction, minmay_misc_feat_iff, bh_walls_and_bars
D:2:      layout_loops_ring, grunt_ministairs_1, nrook_campfire, st_stairs_9,
          minmay_liquid_box
D:3:      layout_loops_cross, general_overflow_altar, fiery_altar_vehumet,
          kennysheep_generic_room_15, uniq_crazy_yiuf_cottage
D:4:      layout_cave_pools, gammafunk_ghost_necromancy, serial_bayou_lagoon_b
D:5:      layout_basic, minmay_temple_entry_butterflies

Skill      XL: |  1  2  3  4  5  6 |
---------------+-------------------+-----
Fighting       | 1 2 |  2.8
Stealth        | 4 5 6 |  6.7
Ice Magic      | 5 6 |  6.7
Short Blades   | 1 |  1.5
Dodging        | |  2.1
Spellcasting   | |  2.0
Hexes          | |  0.4

Action                   |  1- 3 |  4- 6 |  7- 9 || total
-------------------------+-------+-------+-------++-------
Melee: Unarmed           |     7 |       |       ||     7
       Bite              |     4 |     6 |       ||    10
       Short sword       |    37 |    31 |       ||    68
       Dagger            |     3 |    54 |    12 ||    69
 Cast: Freeze            |    41 |    15 |       ||    56
       Frozen Ramparts   |     4 |     5 |     2 ||    11
       Ozocubu's Armour  |       |     2 |     2 ||     4
 Abil: Exsanguinate      |       |     1 |       ||     1
  Use: Scroll            |     3 |     1 |       ||     4
 Stab: Sleeping          |     9 |    15 |     4 ||    28
Armor: Robe              |    10 |    32 |     2 ||    44
Dodge: Dodged            |    40 |    81 |     1 ||   122

Table legend: (Time is in decaauts)
 A = Elapsed time spent in this place.
 B = Non-inter-level travel time spent in this place.
 C = Inter-level travel time spent in this place.
 D = Time resting spent in this place.
 E = Time spent auto-exploring this place.
 F = Levels seen in this place.
 G = Mean time per level.
                   A        B        C        D        E       F      G
               +--------+--------+--------+--------+--------+-----+--------+
         Total |   5278 |   5117 |    161 |    788 |   3520 |   5 | 1055.6 |
       Dungeon |   5278 |   5117 |    161 |    788 |   3520 |   5 | 1055.6 |
               +--------+--------+--------+--------+--------+-----+--------+

Top non-repeatable levels by time:
     D:3: 1544 daAuts
     D:1: 1104 daAuts
     D:2: 934 daAuts
     D:5: 893 daAuts
     D:4: 801 daAuts
